AoeStats
← harooooo

MegaRandom

507793415Analyzed
4v4 RM · 14d ago on Sep 19, 2026· 58m 23s· 8 players
Game mode
Random Map
Map size
Large (8 player)
Population
200
Speed
Normal
Resources
Standard
Victory
Conquest
Starting age
Dark Age
Ending age
Imperial Age
RankedLock teamsTeams togetherTeam positionsShared explorationLock speedFull tech treeHidden civsTurbo modeCheats
Victory
Defeat
🇭🇷 Mongols · Croatia
1738
+10
🇧🇦 Bohemians · Bosnia & Herzegovina
1548
+18
🇭🇷 Berbers · Croatia
1547
+18
🇧🇦 Tatars · Bosnia & Herzegovina
1503
+18
🇲🇦 Persians · Morocco
1629
-18
🇫🇷 Saracens · France
1617
-17
🇫🇷 Britons · France
1564
-15
🇩🇪 Huns · Germany
1545
-14
harooooo
0:29 Loom
12:02 Feudal Age
16:22 Castle Age
14:40 Double-Bit Axe
15:00 Fishing Lines
17:20 Gillnets
18:11 Bow Saw
21:58 Wheelbarrow
22:58 Chemistry
22:57 Sanctity
26:23 Horse Collar
34:27 Imperial Age
33:46 Wagenburg Tactics
34:07 Medium Warships
33:18 Demolition Ship
35:14 Padded Archer Armor
35:04 Elite Hussite Wagon
36:57 Two-Man Saw
35:43 Town Watch
36:13 Hand Cart
36:31 Conscription
36:29 Guilds
37:36 Fletching
37:58 Siege Engineers
39:53 Masonry
39:24 Treadmill Crane
40:10 Bodkin Arrow
40:39 Ballistics
41:28 Architecture
40:53 Murder Holes
41:01 Bracer
41:54 Elite Cannon Galleon
44:32 Bombard Tower
45:17 Heavy Warships
46:02 Clinker Construction
46:02 Careening
46:27 Caravan
46:22 Man-at-Arms
46:24 Pikeman
47:05 Squires
47:06 Scale Mail Armor
47:31 Halberdier
48:34 Chain Mail Armor
49:45 Plate Mail Armor
49:26 Forging
53:17 Iron Casting
52:21 Houfnice
54:32 Heavy Plow
54:53 Fortified Wall
59:49 Blast Furnace
Athenaeis
10:50 Feudal Age
12:05 Loom
15:11 Castle Age
14:52 Double-Bit Axe
14:51 Fishing Lines
16:07 Bow Saw
16:38 Gillnets
18:11 Scale Barding Armor
18:17 Forging
22:17 Chain Barding Armor
22:55 Bloodlines
30:07 Gold Mining
32:00 Gold Shaft Mining
31:11 Horse Collar
32:39 Wheelbarrow
36:12 Imperial Age
34:53 Hand Cart
35:14 Iron Casting
40:09 Imperial Age
37:25 Town Watch
39:16 Husbandry
40:12 Cavalier
41:22 Conscription
41:39 Plate Barding Armor
46:46 Block Printing
48:03 Blast Furnace
47:19 Timurid Siegecraft
47:27 Heavy Plow
48:14 Coinage
48:16 Illumination
58:06 Medium Warships
ceepki
0:29 Loom
12:30 Feudal Age
16:24 Double-Bit Axe
18:48 Castle Age
18:25 Scale Barding Armor
20:55 Husbandry
22:23 Bloodlines
24:06 Chain Barding Armor
30:00 Horse Collar
32:31 Forging
32:58 Wheelbarrow
38:06 Imperial Age
35:53 Fletching
36:35 Bodkin Arrow
36:40 Padded Archer Armor
37:43 Ballistics
38:55 Bracer
40:29 Chemistry
40:20 Parthian Tactics
40:36 Leather Archer Armor
42:07 Thumb Ring
44:35 Masonry
46:46 Fortified Wall
Datalore
0:31 Loom
11:49 Feudal Age
16:03 Castle Age
14:05 Double-Bit Axe
16:07 Scale Barding Armor
17:28 Chain Barding Armor
25:25 Bloodlines
30:33 Fletching
34:05 Bodkin Arrow
36:35 Padded Archer Armor
37:16 Ballistics
38:08 Leather Archer Armor
43:58 Imperial Age
42:29 Wheelbarrow
43:19 Kasbah
43:43 Bow Saw
43:16 Horse Collar
44:41 Bracer
45:46 Chemistry
44:56 Thumb Ring
45:25 Heavy Plow
45:38 Elite Camel Archer
47:35 Ring Archer Armor
47:58 Hand Cart
49:03 Conscription
49:55 Maghrebi Camels
50:43 Forging
52:39 Plate Barding Armor
51:38 Light Cavalry
52:19 Husbandry
53:16 Hoardings
54:23 Iron Casting
57:04 Blast Furnace
57:05 Hussar
Tonymontana
0:35 Loom
9:50 Feudal Age
17:50 Fletching
29:38 Castle Age
28:05 Gold Mining
29:04 Horse Collar
29:11 Double-Bit Axe
29:42 Crossbowman
31:41 Bodkin Arrow
36:22 Padded Archer Armor
38:35 Bow Saw
38:27 Heavy Plow
38:36 Elite Skirmisher
43:03 Leather Archer Armor
44:08 Ballistics
46:12 Wheelbarrow
48:31 Imperial Age
48:43 Hand Cart
48:15 Town Watch
49:17 Bracer
49:48 Ring Archer Armor
50:20 Chemistry
49:29 Arbalester
53:21 Yeomen
ccereal
8:22 Loom
10:19 Feudal Age
17:07 Castle Age
16:11 Fletching
17:10 Crossbowman
18:09 Bodkin Arrow
22:07 Double-Bit Axe
24:11 Padded Archer Armor
24:46 Horse Collar
31:55 Imperial Age
31:02 Ballistics
31:49 Bow Saw
31:58 Arbalester
33:59 Bracer
35:54 Chemistry
36:39 Leather Archer Armor
42:38 Ring Archer Armor
43:40 Thumb Ring
51:00 Siege Engineers
51:20 Masonry
p0n0n0
7:55 Loom
10:46 Feudal Age
12:36 Double-Bit Axe
12:54 Horse Collar
14:14 Wheelbarrow
21:36 Castle Age
20:13 Forging
21:12 Bloodlines
22:06 Scale Barding Armor
23:07 Iron Casting
29:25 Chain Barding Armor
31:27 Husbandry
31:48 Bow Saw
31:39 Heavy Plow
37:11 Imperial Age
37:43 Gold Mining
37:43 Stone Mining
37:50 Cavalier
38:53 Ballistics
39:15 Plate Barding Armor
38:38 Light Cavalry
40:24 Blast Furnace
39:44 Fletching
40:08 Paladin
42:05 Hand Cart
42:59 Bodkin Arrow
44:21 Chemistry
44:38 Conscription
52:50 Gold Shaft Mining
Skrillll
0:30 Loom
11:12 Feudal Age
11:42 Double-Bit Axe
11:47 Horse Collar
11:51 Fishing Lines
12:11 Horse Collar
18:31 Gold Mining
20:54 Castle Age
19:49 Bloodlines
21:24 Husbandry
21:39 Bow Saw
21:39 Gillnets
23:58 Scale Barding Armor
24:51 Forging
26:13 Chain Barding Armor
32:52 Iron Casting
35:31 Heavy Plow
40:55 Imperial Age
39:02 Wheelbarrow
40:33 Cavalier
41:55 Hand Cart
42:23 Plate Barding Armor
43:55 Two-Man Saw
44:01 Two-Man Saw
42:24 Savar
44:05 Blast Furnace
44:14 Chemistry
45:25 Conscription
45:44 Fletching
49:51 Light Cavalry
49:52 Light Cavalry
50:08 Elite War Elephant
Connection lost

Rejoining the realm…

Still unreachable

The connection could not be restored.

Session expired

The server has moved on; the page needs a fresh start.